 Dungeon Crawl Stone Soup version 0.15-a0-1866-g491fd59 (webtiles) character file.

268 PolkaDot the Caller (level 6, -1/41 HPs)
             Began as a Vampire Summoner on July 4, 2014.
             Was an Initiate of Sif Muna.
             Shot with an arrow by a centaur (11 damage)
             ... on Level 4 of the Dungeon.
             The game lasted 00:11:09 (2886 turns).

PolkaDot the Caller (Vampire Summoner)              Turns: 2886, Time: 00:11:09

HP  -1/41        AC  5     Str  7      XL: 6   Next:  0%
MP   1/10        EV 13     Int 19      God: Sif Muna [......]
Gold 128         SH  0     Dex 16      Spells:  3 memorised,  3 levels left

rFire  + . .     SeeInvis +     p - +0 spear
rCold  . . .     Clarity  .     v - +1 robe {rF+}
rNeg   . . .     rCorr    .     (no shield)
rPois  +         rRot     .     q - +1 helmet {SInv}
rElec  .         Spirit   .     (no cloak)
SustAb .         Warding  .     (no gloves)
rMut   .         Stasis   .     (no boots)
Gourm  .                        (no amulet)
MR     .....                    x - +2 ring of dexterity
                                j - ring of poison resistance

@: regenerating quickly, not resistant to hostile enchantments, fairly stealthy
A: bottle blood, fangs 3, see invisible, unbreathing
a: Bottle Blood, Renounce Religion


You were on level 4 of the Dungeon.
You worshipped Sif Muna.
Sif Muna was noncommittal.
You were very full.

You visited 1 branch of the dungeon, and saw 4 of its levels.

You collected 128 gold pieces.

Inventory:

Hand weapons
 p - a +0 spear (weapon)
Missiles
 k - 19 poisoned needles
 n - 6 curare-tipped needles
Armour
 q - a +1 helmet of see invisible (worn)
 v - a +1 robe of fire resistance (worn)
Scrolls
 d - a scroll of amnesia
 e - a scroll of random uselessness
 f - a scroll of recharging
 g - a scroll of magic mapping
 m - a scroll of noise {unknown}
 o - a scroll of remove curse
 s - a scroll of fear {unknown}
 u - 3 scrolls of enchant armour {unknown}
Jewellery
 j - a ring of poison resistance (left hand)
 x - a +2 ring of dexterity (right hand)
Potions
 a - 3 potions of brilliance
 h - 2 potions of curing
 i - a potion of heal wounds
 l - 2 potions of restore abilities
 r - a potion of resistance
 w - a potion of agility {unknown}
Books
 b - a book of Callings

   Spells                             Type                      Level
   *Summon Small Mammal               Summoning                    1
   *Call Imp                          Summoning                    2
   *Call Canine Familiar              Summoning                    3
   Summon Guardian Golem              Hexes/Summoning              4
   Summon Lightning Spire             Summoning/Air                4
   Summon Ice Beast                   Ice/Summoning                4


   Skills:
 - Level 2.1 Dodging
 - Level 3.0 Stealth
 - Level 2.0 Spellcasting
 + Level 7.3 Summonings


You had 3 spell levels left.
You knew the following spells:

 Your Spells              Type           Power        Failure   Level  Hunger
a - Summon Small Mammal   Summ           ####         1%          1    #......
d - Call Canine Familiar  Summ           ####....     2%          3    ####...
s - Call Imp              Summ           ####....     1%          2    ##.....


Dungeon Overview and Level Annotations

Branches:
Dungeon (4/15)
 Temple: D:4-7

Altars:
Cheibriados
Elyvilon
Sif Muna
Trog


Innate Abilities, Weirdness & Mutations

Your natural rate of healing is unusually fast.
You can bottle blood from corpses.
You have razor-sharp teeth.*
You have supernaturally acute eyesight.
You can survive without breathing.*


Message History

A gnoll comes into view. It is wielding a flail.
Casting: Call Imp
Confirm with . or Enter, or press ? or * to list all spells.
A beastly little devil appears in a puff of flame.
* * * LOW MAGIC WARNING * * *
The gnoll moves out of view.
Your crimson imp hits the gnoll.
Your hound bites the gnoll.
Casting: Call Imp
Confirm with . or Enter, or press ? or * to list all spells.
A beastly little devil appears in a puff of frigid air.
* * * LOW MAGIC WARNING * * *
The centaur shoots an arrow.
The arrow hits you!
* * * LOW HITPOINT WARNING * * *
The gnoll hits your hound with a halberd!
Your hound bites the gnoll but does no damage.
Your crimson imp hits the gnoll.
You swap places.
The centaur shoots an arrow.
The arrow closely misses your crimson imp.
The arrow hits you!
You die...

#...........#
#............#
##............#
##............#
##.............#
#..........)).(#
##.>........<...#
#.....%.....).#.#
##.%%.........@5.##
##.............#5.h##
#.............###.5g##
#...................g...
#............#.#.#.#.#.#.
#.........#.).........c..
........####...⌠.....⌠..
...##### #..(...._.... ##
#....⌠.....⌠


You could see a centaur, 2 gnolls, a friendly hound, 2 friendly crimson imps and
a friendly white imp.

Vanquished Creatures
  Sigmund (D:2)
  A gnoll (D:3)
  2 adders (D:2)
  2 green rats (D:3)
  A worm (D:2)
  2 giant geckos (D:2)
  An ooze (D:4)
  4 orcs
  4 giant cockroaches
  8 hobgoblins
  2 jackals (D:2)
  3 kobolds
  A ball python (D:3)
  4 bats
  3 giant newts
  10 goblins
  5 rats
54 creatures vanquished.

Vanquished Creatures (collateral kills)
  A scorpion (D:4)
  3 orc wizards
  Ijyb (D:2)
  Jessica (D:2)
  3 adders
  A gnoll (D:3)
  2 green rats (D:3)
  A giant gecko (D:2)
  A giant newt (D:2)
  A rat (D:3)
15 creatures vanquished.

Vanquished Creatures (others)
  A hound (D:4)
  2 bats (D:2)
  2 rats (D:2)
5 creatures vanquished.

Grand Total: 74 creatures vanquished

Notes
Turn   | Place    | Note
--------------------------------------------------------------
     0 | D:1      | PolkaDot, the Vampire Summoner, began the quest for the Orb.
     0 | D:1      | Reached XP level 1. HP: 13/13 MP: 3/3
   900 | D:2      | Reached XP level 2. HP: 1/19 MP: 0/4
  1104 | D:2      | Noticed Ijyb
  1153 | D:2      | Killed Ijyb
  1166 | D:2      | Learned a level 2 spell: Call Imp
  1216 | D:2      | Reached skill level 5 in Summonings
  1216 | D:2      | Reached XP level 3. HP: 20/24 MP: 6/6
  1633 | D:2      | Reached XP level 4. HP: 21/30 MP: 4/7
  1868 | D:2      | Noticed Sigmund
  1904 | D:2      | Learned a level 3 spell: Call Canine Familiar
  1917 | D:2      | Killed Sigmund
  1917 | D:2      | Reached skill level 6 in Summonings
  1999 | D:2      | Noticed Jessica
  2007 | D:2      | Killed Jessica
  2183 | D:3      | Found a bloodstained altar of Trog.
  2183 | D:3      | Found a snail-covered altar of Cheibriados.
  2212 | D:3      | Reached XP level 5. HP: 22/35 MP: 9/9
  2460 | D:3      | Found a deep blue altar of Sif Muna.
  2470 | D:3      | Became a worshipper of Sif Muna the Loreminder
  2703 | D:3      | Reached skill level 7 in Summonings
  2838 | D:4      | Found a white marble altar of Elyvilon.
  2852 | D:4      | Reached XP level 6. HP: 9/41 MP: 10/10
  2883 | D:4      | Noticed a centaur
  2886 | D:4      | Shot with an arrow by a centaur

Action                   |  1- 3 |  4- 6 || total
-------------------------+-------+-------++-------
Melee: Spear             |   122 |   172 ||   294
       Short sword       |     5 |       ||     5
 Cast: Summon Small Mamm |    17 |     2 ||    19
       Call Imp          |       |     9 ||     9
       Call Canine Famil |       |     7 ||     7
  Use: Scroll            |       |    10 ||    10
 Stab: Sleeping          |     8 |     6 ||    14
       Distracted        |       |     1 ||     1
